Map: Templo óseo EE

Players

MrFercho

  • Race: Zerg Zerg
  • League: Silver
  • Spawn Location: 7:00

TATORREA

  • Race: Protoss Protoss
  • League: Silver
  • Spawn Location: 6:00

tigro

  • Race: Terran Terran
  • League: Bronze
  • Spawn Location: 7:00

Rigardo

  • Race: Protoss Protoss
  • Spawn Location: 1:00

SoNiC

  • Race: Terran Terran
  • Spawn Location: 12:00

Juglar

  • Race: Terran Terran
  • Spawn Location: 3:00

VOD

Have the link to the VOD?

Description

Time

  • Played on: June 22, 2020, 8:21 p.m.
  • Length: 15:51
Show
View Real Time Build Order
Export as new Build Order

MrFercho Zerg 

Build Orders: Hatch First 

Get SALT Encoding   

  12  0:01  Drone  
  13  0:13  Overlord  
  13  0:18  Drone  
  14  0:31  Drone x2  
  16  0:52  Hatchery  
  16  0:53  Drone  
  16  0:57  Drone  
  17  1:13  Spawning Pool  
  17  1:15  Drone  
  17  1:18  Drone  
  17  1:22  Drone  
  19  1:30  Drone  
  20  1:34  Extractor  
  19  1:40  Drone  
  20  1:53  Drone  
  21  2:00  Overlord  
  21  2:03  Queen  
  21  2:04  Queen  
  21  2:07  Zergling x2  
  26  2:33  Drone x4  
  30  2:38  Roach Warren  
  29  2:46  Queen  
  31  2:52  Lair  
  31  2:57  Overlord  
  31  3:02  Drone x3  
  31  3:03  Drone  
  35  3:09  Extractor  
  34  3:30  Roach x5  
  34  3:33  Overlord x2  
  44  4:21  Roach x6  
  54  4:33  Drone x2  
  56  4:48  Ravager  
  57  4:54  Extractor  
  56  5:24  Ravager x2  
  58  5:31  Drone  
  58  5:32  Drone  
  54  6:05  Ravager x4  
  58  6:11  Zergling x4  
  58  6:13  Overlord x5  
  58  6:14  Overlord x3  
  60  6:25  Extractor  
  56  6:43  Ravager x2  
  56  6:44  Ravager  
  56  6:47  Zergling x22  
  70  6:56  Glial Reconstitution  
  70  7:01  Evolution Chamber  
  67  7:31  Roach x10  
  79  7:56  Zergling x12  
  79  7:57  Zergling x2  
  76  8:13  Overseer  
  76  8:37  Nydus Network  
  76  8:40  Roach x8  
  91  8:56  Hydralisk Den  
  91  8:57  Zerg Missile Weapons Level 1  
  90  9:33  Nydus Canal  
  90  9:42  Hydralisk  
  90  9:43  Hydralisk x9  
  99  10:24  Hydralisk  
  99  10:25  Hydralisk x5  
  111  10:41  Hydralisk x2  
  63  11:21  Hydralisk x6  
  70  11:37  Hydralisk x2  
  59  11:54  Hydralisk x3  
  65  12:04  Hydralisk  
  67  12:23  Queen  
  67  12:25  Queen  
  45  12:56  Hydralisk  
  45  12:57  Hydralisk x3  
  49  12:58  Queen  
  53  13:09  Hydralisk x2  
  54  13:20  Hydralisk  
  54  13:21  Roach  
  54  13:22  Roach  
  54  13:34  Queen  
  53  13:52  Hydralisk  
  53  13:53  Hydralisk x2  
  46  14:08  Drone  
  41  14:26  Hatchery  
  41  14:30  Hydralisk x2  
  44  15:18  Hatchery  
Show
View Real Time Build Order
Export as new Build Order

TATORREA Protoss 

Build Orders:  

Get SALT Encoding   

  12  0:03  Probe  
  13  0:15  Probe  
  14  0:24  Pylon  
  14  0:27  Probe  
  15  0:42  Probe  
  16  0:46  Gateway  
  16  0:54  Probe  
  17  1:04  Probe  
  17  1:10  Assimilator  
  18  1:12  Probe  
  18  1:16  Pylon  
  19  1:51  Probe  
  20  2:03  Probe  
  21  2:15  Probe  
  22  2:18  Zealot  
  24  2:27  Probe  
  24  2:37  Pylon  
  24  2:55  Probe  
  25  3:06  Probe, Cybernetics Core  
  25  3:11  Nexus  
  26  3:14  Probe  
  26  3:15  Assimilator  
  27  3:24  Probe  
  27  3:36  Probe  
  22  4:16  Pylon  
  22  4:19  Pylon  
  22  4:20  Nexus  
  22  4:22  Pylon  
  21  4:34  Warp Gate  
  19  5:16  Probe  
  20  5:29  Probe  
  21  5:38  Probe  
  20  5:47  Probe  
  21  5:53  Probe  
  20  6:06  Assimilator  
  20  6:12  Assimilator, Probe  
  20  6:14  Probe  
  22  6:30  Probe x2  
  23  6:39  Probe  
  23  6:40  Probe  
  25  6:47  Probe  
  25  6:48  Probe  
  25  6:52  Stalker  
  29  6:56  Probe  
  29  6:57  Probe  
  31  7:09  Probe  
  31  7:10  Probe  
  33  7:21  Probe  
  33  7:22  Probe  
  35  7:32  Nexus  
  35  7:36  Pylon  
  35  7:40  Probe  
  36  7:45  Probe  
  36  7:50  Stalker  
  39  7:55  Probe  
  39  7:57  Probe  
  41  8:07  Probe  
  41  8:09  Probe  
  43  8:26  Probe x2  
  45  8:37  Assimilator  
  45  8:38  Probe x2  
  45  8:40  Assimilator  
  47  8:43  Gateway  
  47  8:46  Gateway  
  47  8:47  Probe  
  46  8:49  Gateway  
  46  8:50  Probe  
  46  8:51  Probe  
  46  8:53  Gateway  
  48  8:56  Stalker  
  50  9:07  Probe x2  
  51  9:19  Probe x2  
  53  9:31  Probe  
  53  9:32  Probe  
  53  9:37  Nexus  
  55  9:40  Pylon  
  55  9:41  Robotics Facility  
  55  9:42  Forge  
  55  9:43  Pylon  
  55  9:46  Forge  
  55  9:49  Forge, Probe x2  
  57  10:06  Stalker  
  59  10:09  Stalker x2  
  59  10:10  Stalker  
  59  10:11  Stalker  
  57  10:44  Stalker x2  
  57  10:45  Stalker x3  
  61  10:55  Protoss Ground Armor Level 1, Protoss Shields Level 1  
  59  10:59  Protoss Ground Weapons Level 1  
  53  11:12  Immortal  
  53  11:15  Cybernetics Core  
  57  11:49  Pylon, Probe x2, Observer  
  57  11:51  Pylon  
  60  11:54  Probe  
  60  12:00  Stalker x4  
  69  12:01  Probe x2  
  69  12:03  Immortal  
  69  12:06  Probe  
  72  12:13  Probe  
  76  12:17  Probe  
  76  12:18  Probe  
  78  12:25  Probe  
  78  12:28  Gateway  
  78  12:29  Probe  
  80  12:30  Probe  
  80  12:31  Gateway  
  80  12:33  Stalker x3, Gateway  
  80  12:34  Stalker  
  80  12:36  Gateway  
  89  12:38  Probe  
  89  12:42  Immortal, Probe  
  89  12:43  Probe  
  96  12:45  Assimilator  
  96  12:49  Assimilator  
  96  12:50  Probe  
  97  13:03  Nexus  
  97  13:06  Pylon  
  97  13:09  Pylon  
  97  13:20  Pylon, Probe x3  
  97  13:21  Immortal  
  97  13:24  Stalker x2, Pylon  
  97  13:25  Stalker x2  
  112  13:29  Pylon  
  112  13:31  Pylon  
  112  13:32  Probe x2  
  112  13:33  Probe  
  115  13:45  Pylon  
  115  13:48  Pylon  
  115  13:53  Pylon  
  115  13:57  Twilight Council  
  115  13:59  Robotics Bay  
  115  14:01  Immortal  
  119  14:03  Stalker x5  
  119  14:04  Stalker x3  
  120  14:52  Stalker  
  120  14:53  Stalker x5  
  120  14:54  Stalker x2  
  71  15:20  Stalker x4  
  71  15:21  Stalker x4  
Show
View Real Time Build Order
Export as new Build Order

tigro Terran 

Build Orders:  

Get SALT Encoding   

  12  0:06  SCV  
  13  0:18  SCV  
  14  0:27  Supply Depot  
  14  0:30  SCV  
  15  0:37  Refinery  
  15  0:49  SCV  
  16  0:56  Barracks  
  16  1:01  SCV  
  17  1:07  Refinery  
  17  1:13  SCV  
  18  1:23  Supply Depot  
  18  1:25  SCV  
  19  1:37  SCV  
  20  1:46  Marine  
  21  1:49  SCV  
  22  1:56  Barracks  
  22  2:04  Marine  
  23  2:14  Orbital Command  
  23  2:22  Marine  
  24  2:40  Marine  
  25  2:46  Factory  
  25  2:58  Marine  
  24  3:00  Barracks Tech Lab  
  24  3:10  SCV  
  25  3:16  Marine  
  25  3:17  Engineering Bay  
  25  3:19  Combat Shield  
  26  3:22  SCV  
  27  3:33  Marine  
  25  3:59  Barracks Reactor  
  25  4:01  Marine  
  25  4:02  Starport  
  25  4:04  Factory Tech Lab  
  25  4:13  Armory  
  25  4:18  Marine  
  25  4:22  Terran Infantry Weapons Level 1  
  26  4:36  Marine  
  26  4:38  Stimpack  
  27  4:42  Medivac  
  29  4:46  Marine x2  
  31  5:12  Command Center  
  31  5:23  Marine x3, Siege Tank  
  37  5:29  Starport Tech Lab  
  37  5:40  Marine x2  
  39  5:55  Siege Tank  
  36  6:18  Concussive Shells  
  36  6:34  Refinery  
  36  6:46  Starport  
  36  6:47  Marine  
  36  6:48  Marine x2  
  42  6:56  Thor  
  42  7:00  Terran Infantry Armor Level 1  
  45  7:05  Marine x3  
  48  7:23  Marine x3  
  44  7:38  Starport Tech Lab  
  44  7:40  Medivac  
  44  7:41  Marine x3  
  49  7:46  SCV  
  50  7:58  SCV  
  50  7:59  Marine  
  50  8:01  Marine x2  
  50  8:05  Refinery  
  54  8:11  SCV  
  55  8:17  Marine  
  55  8:19  Marine x2  
  58  8:23  SCV  
  59  8:35  Marine, SCV  
  59  8:36  Marine  
  62  8:45  Marine  
  62  8:54  Hi-Sec Auto Tracking  
  62  8:55  Marine x2  
  55  9:18  SCV  
  56  9:31  SCV  
  57  9:32  Medivac, Fusion Core  
  59  9:43  SCV  
  60  9:55  SCV  
  61  10:07  SCV  
  61  10:08  Medivac  
  35  10:36  Marine  
  35  10:37  Marine x2  
  38  10:54  Marine x3  
  33  11:27  Supply Depot  
  33  11:32  Marine  
  28  11:44  Supply Depot  
  15  12:07  Supply Depot  
  9  12:35  Terran Infantry Weapons Level 2  
  9  13:05  Planetary Fortress  
  9  13:17  Orbital Command  
  9  13:19  Command Center  
  9  13:43  SCV  
  10  13:55  SCV  
  11  13:59  Barracks  
  11  14:07  SCV  
  12  14:19  SCV  
  13  14:31  SCV, Starport Tech Lab  
  13  14:36  SCV  
  15  14:43  Refinery  
  15  14:46  Barracks  
  15  14:48  SCV  
  19  15:00  SCV  
  20  15:12  SCV  
  21  15:15  Barracks Reactor  
  21  15:24  SCV  
  21  15:37  SCV  
Show
View Real Time Build Order
Export as new Build Order

Rigardo Protoss 

Build Orders:  

Get SALT Encoding   

  12  0:03  Probe  
  13  0:12  Probe  
  13  0:20  Probe  
  15  0:37  Pylon  
  15  1:01  Probe  
  15  1:07  Forge  
  15  1:09  Probe  
  17  1:18  Probe  
  18  1:33  Pylon  
  18  1:37  Probe  
  19  1:49  Probe  
  20  1:57  Photon Cannon  
  20  1:58  Photon Cannon  
  20  2:02  Pylon  
  19  2:24  Pylon  
  19  3:16  Gateway  
  19  3:20  Gateway  
  19  3:21  Gateway  
  19  3:33  Pylon  
  19  3:34  Photon Cannon  
  19  3:40  Pylon  
  19  3:56  Photon Cannon  
  19  3:58  Photon Cannon  
  19  4:04  Pylon  
  19  4:13  Photon Cannon x2  
  19  4:23  Pylon  
  19  4:37  Cybernetics Core  
  19  4:40  Gateway  
  19  4:42  Gateway  
  19  4:45  Probe  
  19  4:48  Assimilator  
  20  4:53  Probe  
  20  4:54  Assimilator  
  21  5:00  Pylon  
  21  5:09  Photon Cannon  
  21  5:11  Photon Cannon  
  21  5:15  Photon Cannon  
  21  5:17  Photon Cannon  
  21  5:49  Photon Cannon  
  21  5:57  Shield Battery  
  21  5:59  Shield Battery  
  21  6:01  Shield Battery  
  21  6:04  Shield Battery  
  21  6:10  Warp Gate  
  21  6:14  Gateway  
  21  6:16  Gateway  
  21  6:19  Gateway  
  21  6:21  Gateway  
  21  6:55  Nexus  
  20  8:06  Stalker x2  
  24  8:33  Probe  
  24  8:36  Twilight Council, Probe  
  24  8:39  Gateway  
  26  8:41  Probe  
  26  8:44  Probe  
  27  8:54  Probe  
  28  8:59  Stalker x2  
  28  9:00  Stalker  
  35  9:16  Blink  
  35  9:28  Probe  
  35  9:37  Probe  
  36  9:39  Probe  
  36  9:41  Pylon  
  38  9:47  Probe  
  38  9:49  Assimilator  
  39  9:53  Assimilator  
  39  9:57  Probe  
  39  9:58  Zealot x2  
  39  9:59  Zealot x4  
  52  10:09  Probe  
  53  10:20  Stalker  
  53  10:21  Stalker  
  57  10:22  Stalker  
  57  10:23  Probe  
  60  10:31  Probe  
  59  11:15  Zealot x4  
  59  11:16  Zealot x3  
  59  11:17  Charge, Zealot  
  59  11:18  Zealot  
  75  11:54  Zealot x4  
  75  11:55  Zealot x2  
  75  12:18  Stalker  
  75  12:19  Stalker x3  
  75  12:20  Stalker  
  85  12:30  Pylon  
  85  12:33  Probe  
  85  12:36  Pylon  
  86  12:38  Pylon  
  86  13:14  Zealot x2  
  86  13:15  Zealot x4  
  86  13:16  Zealot x2  
  66  14:32  Zealot  
  66  14:33  Zealot x5  
  66  14:34  Zealot x3  
  52  15:05  Zealot x2  
  52  15:06  Zealot  
  50  15:08  Zealot x3  
  50  15:09  Zealot x3  
  52  15:26  Stalker x3  
Show
View Real Time Build Order
Export as new Build Order

SoNiC Terran 

Build Orders:  

Get SALT Encoding   

  12  0:01  SCV  
  13  0:13  SCV  
  14  0:22  Supply Depot  
  14  0:25  SCV  
  15  0:44  SCV  
  15  0:45  Barracks  
  16  0:53  Refinery  
  16  1:01  SCV  
  17  1:13  SCV  
  17  1:16  Barracks  
  18  1:21  Refinery  
  18  1:25  SCV  
  19  1:33  Supply Depot  
  19  1:37  SCV  
  20  1:40  Barracks Reactor  
  20  1:50  SCV  
  21  2:02  SCV  
  21  2:05  Reaper  
  23  2:20  Reaper x2  
  25  2:25  Orbital Command  
  25  2:38  Reaper  
  25  2:42  Command Center  
  26  2:58  Marine x2  
  26  3:03  Supply Depot  
  28  3:16  Marine x2  
  28  3:18  Barracks Tech Lab  
  30  3:31  Factory  
  30  4:34  Marine x3  
  30  4:37  Factory Tech Lab  
  33  4:39  Starport  
  33  4:46  Orbital Command  
  33  4:47  SCV  
  33  4:52  Marine x3  
  37  4:59  SCV  
  38  5:09  Marine  
  38  5:10  Marine x2  
  38  5:12  SCV  
  41  5:24  SCV  
  41  5:27  Marine x2  
  44  5:36  SCV  
  44  5:37  Marine  
  46  5:43  Combat Shield  
  46  5:45  Marine x2  
  48  5:54  Marine  
  49  6:03  Marine x2  
  51  6:05  Siege Tank  
  51  6:06  Starport Tech Lab  
  51  6:08  Starport Reactor  
  54  6:11  Barracks  
  54  6:15  Supply Depot  
  54  6:16  Supply Depot  
  54  6:19  Supply Depot  
  54  6:25  Marine  
  54  6:36  Marine x2  
  54  6:37  Siege Tank  
  59  6:45  Medivac x2  
  63  6:52  Engineering Bay  
  63  6:54  Marine  
  63  6:55  Engineering Bay  
  63  7:00  Supply Depot  
  64  7:02  Stimpack  
  64  7:09  Siege Tank  
  67  7:21  Medivac x2  
  50  7:57  Marine, Siege Tank  
  50  7:58  Barracks Reactor  
  50  8:01  Marine x2  
  52  8:15  Marine  
  52  8:19  Marine x2  
  53  8:29  Siege Tank  
  53  8:30  Medivac  
  53  8:32  Marine  
  59  8:36  Marine  
  59  8:37  Marine  
  59  8:39  Marine x2  
  63  8:42  Concussive Shells  
  63  8:50  Marine  
  63  8:54  Marine x2  
  66  8:57  Marine x2  
  66  9:01  Siege Tank  
  71  9:12  Marine x2  
  71  9:14  Marine  
  71  9:15  Marauder, Marine  
  77  9:19  SCV  
  77  9:22  SCV  
  79  9:30  Marine x2  
  81  9:31  SCV  
  81  9:32  Marine x2  
  81  9:34  SCV  
  85  9:46  SCV  
  86  10:10  Marine x2  
  86  10:11  SCV  
  86  10:12  Marine  
  56  10:49  SCV  
  46  10:51  Marine  
  46  10:52  Marine  
  44  10:58  Siege Tank  
  44  11:01  Marine  
  46  11:14  Marine  
  46  11:19  Command Center  
  46  11:23  Marine x2  
  45  11:32  Marine  
  43  11:41  Marine  
  44  11:50  Marine  
  44  11:52  Supply Depot  
  45  11:54  Supply Depot  
  45  11:58  Marine  
  46  12:14  Marine, Siege Tank  
  50  12:16  Marine  
  50  12:19  Command Center  
  51  12:29  Refinery  
  51  12:30  Refinery  
  51  12:31  Marine  
  51  12:34  Marine  
  51  12:35  Orbital Command  
  53  12:46  Siege Tank  
  55  12:56  Orbital Command  
  54  13:04  SCV  
  54  13:05  SCV  
  54  13:16  SCV  
  55  13:21  SCV  
  55  13:22  SCV  
  57  13:27  Marine x2  
  57  13:29  Marine x2, SCV  
  57  13:31  Medivac x2  
  57  13:33  SCV  
  67  13:34  SCV  
  68  13:45  Marine x2  
  68  13:46  Refinery  
  68  13:47  Marine x2  
  72  13:52  Refinery  
  72  13:53  Orbital Command  
  72  14:01  Medivac  
  74  14:03  Marine x2  
  74  14:04  Marine  
  74  14:05  Marine  
  74  14:07  Refinery  
  74  14:08  SCV  
  74  14:09  Refinery  
  79  14:20  SCV  
  79  14:21  Marine x2  
  79  14:22  Marine x2  
  84  14:28  Medivac  
  86  14:31  Medivac  
  86  14:32  SCV  
  89  14:44  SCV  
  90  14:46  Marine x2  
  92  14:55  Supply Depot  
  92  14:57  Supply Depot x2  
  92  15:16  Marine x4  
  92  15:17  Siege Tank, SCV  
Show
View Real Time Build Order
Export as new Build Order

Juglar Terran 

Build Orders:  

Get SALT Encoding   

  12  0:01  SCV  
  13  0:13  SCV  
  14  0:19  Supply Depot  
  14  0:26  SCV  
  15  0:30  Refinery  
  15  0:40  SCV  
  16  0:48  Barracks  
  16  0:52  SCV  
  17  1:01  Refinery  
  17  1:04  SCV  
  18  1:16  SCV  
  19  1:20  Supply Depot  
  19  1:28  SCV  
  20  1:41  Marine, SCV  
  22  1:49  Factory  
  22  1:53  SCV  
  23  2:02  Barracks Tech Lab  
  23  2:05  SCV  
  24  2:19  Orbital Command  
  24  2:48  Command Center  
  24  2:49  Siege Tank  
  27  2:53  Barracks Reactor  
  27  2:57  SCV  
  28  3:09  SCV  
  29  3:13  Supply Depot  
  29  3:21  SCV  
  30  3:33  SCV  
  31  3:35  Siege Tank  
  31  3:38  Supply Depot  
  34  3:48  Starport  
  34  3:50  SCV  
  35  3:57  Marine x2  
  37  4:02  Supply Depot  
  37  4:07  Siege Tank  
  40  4:15  Barracks, Orbital Command  
  40  4:18  Barracks, SCV  
  41  4:25  Medivac  
  41  4:30  SCV  
  41  4:31  Marine  
  44  4:32  Marine  
  46  4:45  SCV  
  47  4:48  SCV  
  48  4:53  Marine x2  
  48  4:55  Medivac  
  48  4:57  SCV  
  53  5:00  SCV  
  54  5:09  Barracks Tech Lab, SCV  
  54  5:11  Marine x2  
  57  5:15  Refinery  
  57  5:19  Barracks Reactor  
  57  5:21  SCV, Refinery  
  58  5:26  Siege Tank  
  61  5:29  Marine x2  
  61  5:33  SCV  
  64  5:45  SCV  
  64  5:47  Marine  
  66  5:52  Medivac  
  66  5:56  Marine  
  69  5:58  Marine  
  70  6:25  Supply Depot  
  70  6:26  Supply Depot  
  70  6:46  Marine x3  
  70  6:47  Marauder, Medivac, Siege Tank  
  76  7:04  Marine  
  70  7:12  SCV  
  71  7:19  Siege Tank  
  74  7:24  SCV  
  74  7:27  Marine  
  74  7:28  Marine  
  74  7:29  Marauder, Marine x2  
  81  7:36  SCV  
  82  7:45  Marine x2  
  82  7:47  Marine x2  
  86  7:53  Supply Depot  
  86  7:55  Supply Depot  
  86  8:00  Supply Depot  
  86  8:12  Combat Shield  
  86  8:15  Marauder, Medivac, Marine x3, SCV  
  86  8:17  Marine  
  86  8:19  Siege Tank  
  98  8:27  SCV  
  98  8:32  Marine x3  
  102  8:34  Marine  
  102  8:36  Marauder  
  105  8:45  Medivac  
  107  8:50  Marine x2  
  107  8:52  Marine  
  110  9:04  Supply Depot  
  110  9:07  Supply Depot  
  110  9:11  Supply Depot  
  110  9:25  Marine x4  
  110  9:26  Siege Tank  
  110  9:29  Marauder  
  110  9:31  Stimpack  
  119  9:34  Supply Depot  
  119  9:43  Marine x2  
  121  9:50  Marauder  
  123  9:57  Supply Depot  
  123  9:58  Siege Tank  
  126  10:11  Marauder  
  128  10:19  Supply Depot  
  126  10:33  Marauder  
  128  10:41  Medivac  
  130  10:43  Supply Depot  
  130  10:54  Marauder  
  129  11:07  Supply Depot  
  129  11:11  Medivac, Concussive Shells  
  109  11:30  Supply Depot  
  107  11:41  Medivac  
  109  12:11  Medivac  
  109  12:15  Siege Tank  
  114  12:18  Marine  
  114  12:19  Marine  
  114  12:20  Marauder, Marine x2  
  120  12:31  Supply Depot  
  120  12:33  Supply Depot  
  120  12:35  Supply Depot  
  120  12:36  Marine x2  
  119  12:37  Marine  
  119  12:38  Marine  
  119  12:41  Marauder, Medivac  
  123  12:47  Siege Tank  
  118  12:55  Marine  
  118  12:56  Marine  
  116  13:02  Marauder  
  116  13:03  Marine x2  
  120  13:11  Medivac  
  122  13:13  Marine x2  
  122  13:19  Siege Tank  
  127  13:21  Marine x2  
  127  13:24  Marauder  
  131  13:31  Marine x2  
  133  13:45  Marauder  
  135  13:49  Marine x2  
  135  13:51  Siege Tank  
  135  13:52  Marine x2  
  142  14:07  Marauder, Marine x2  
  146  14:10  Marine x2  
  148  14:23  Siege Tank  
  151  14:24  Marine  
  151  14:27  Marine  
  153  14:45  Marine  
  154  14:55  Siege Tank  
Tags
 
Add a new tag
Caveats
  • Supply blocks, unpowered buildings, or Contaminate may cause inaccurate times.
  • Supply counts are checked every 10 seconds.